 Dungeon Crawl Stone Soup version 0.30-a0-627-gc11e7ae810 (webtiles) character file.

Game seed: 18085894377801335183

49 Decipherer the Trooper (level 3, 0/51 HPs)
             Began as a Minotaur Berserker on Jan 12, 2023.
             Was a Believer of Trog.
             Slain by an ice beast (2 damage)
             ... on level 3 of the Dungeon.
             The game lasted 00:01:05 (2034 turns).

Decipherer the Trooper (Minotaur Berserker)         Turns: 2034, Time: 00:01:06

Health: 0/51       AC:  2    Str: 23    XL:     3   Next: 53%
Magic:  2/2        EV: 12    Int:  4    God:    Trog [**....]
Gold:   98         SH:  0    Dex:  9    Spells: 2/2 levels left

rFire   . . .      SeeInvis .    a - +0 mace
rCold   . . .      Faith    .    (no shield)
rNeg    . . .      Spirit   .    b - +0 animal skin
rPois   .          Reflect  .    (helmet restricted)
rElec   .          Harm     .    (no cloak)
rCorr   .          Rampage  .    (no gloves)
Will    .....                    (no boots) Stlth
                                 (no amulet)
HPRegen 0.28/turn                (no ring)
MPRegen 0.08/turn                (no ring)

@: berserking, very quick
A: horns 2, retaliatory headbutt
a: Renounce Religion, Berserk, Trog's Hand


You were on level 3 of the Dungeon.
You worshipped Trog.
Trog was pleased with you.
You visited 1 branch of the dungeon, and saw 3 of its levels.

You collected 98 gold pieces.

Inventory:

Hand Weapons
 a - a +0 mace (weapon)
Missiles
 d - 2 boomerangs
 j - 6 datura-tipped darts
Armour
 b - a +0 animal skin (worn)
Jewellery
 l - a +6 ring of dexterity
Scrolls
 f - a scroll of identify {unknown}
 g - 2 scrolls of amnesia {unknown}
 h - 3 scrolls of silence {unknown}
 k - a scroll of immolation {unknown}
Potions
 c - a potion of heal wounds {unknown}
 e - 3 potions of curing {unknown}
 i - 2 potions of attraction {unknown}
 m - a potion of invisibility {unknown}


   Skills:
 + Level 4.4 Fighting
 + Level 4.3 Maces & Flails
 + Level 2.8 Armour
 + Level 2.5 Dodging
 + Level 0.3 Stealth


You had 2 spell levels left.
You didn't know any spells.
Your spell library contained the following spells:

 Spells                   Type           Power      Damage    Failure   Level
 Ensorcelled Hibernation  Hex/Ice        0%         N/A       65%         2
 Passwall                 Tmut/Erth      0%         N/A       65%         2
 Swiftness                Air            0%         N/A       86%         3


Dungeon Overview and Level Annotations

Branches:
Dungeon (3/15)

Altars:

Shops:
D:2 :


Innate Abilities, Weirdness & Mutations

You have a pair of horns on your head.
You reflexively headbutt those who attack you in melee.


Message History

You kill the bat!
Trog accepts your kill.
An ice beast comes into view.
The dart slug closely misses you.
Unknown command.
There are monsters nearby!
You sock the dart slug!
You kill the dart slug!
Trog accepts your kill.
Unknown command.
An ice beast is nearby!
You see here a dart slug corpse.
Unknown command.
An ice beast is nearby!
Unknown command.
An ice beast is nearby!
You hit the ice beast but do no damage. Your headbutt misses the ice beast.
The ice beast hits you but does no damage.
Unknown command.
There are monsters nearby!
You hit the ice beast.
The ice beast is lightly wounded.
The ice beast hits you. The ice beast freezes you!
Unknown command.
There are monsters nearby!
You are too injured to fight recklessly!
Unknown command.
A red film seems to cover your vision as you go berserk!
You feel yourself moving faster!
You feel mighty! The ice beast hits you. The ice beast freezes you!
You sock the ice beast!
The ice beast is heavily wounded.
The hobgoblin hits you. The ice beast hits you.
* * * LOW HITPOINT WARNING * * *
The ice beast freezes you!
* * * LOW HITPOINT WARNING * * *
You hit the ice beast but do no damage. You headbutt the ice beast.
The ice beast is severely wounded.
The ice beast hits you.
You die...

.#.........# .#
........##.# .#
.##...#.##.# .#
#.)....##.######.#
#....####........###.##
#.#...# #######.......#
#.###># #..###..# #.#
#.# #††### #.# #.#
#@g..# #.# #.# #Y##.#
#.# #.# #.# .# ##.# #..
#.. . ...# ### ... ..
#### ##.# .# .# .#


You could see an ice beast and a hobgoblin.

Vanquished Creatures
  An adder (D:2)
  A worm (D:2)
  2 dart slugs
  3 endoplasms
  2 giant cockroaches (D:2)
  4 goblins
  A hobgoblin (D:2)
  4 jackals (D:1)
  2 quokkas (D:1)
  2 ball pythons (D:1)
  5 bats
  A frilled lizard (D:1)
  3 kobolds
  2 rats
33 creatures vanquished.

Notes
Turn   | Place    | Note
-------+----------+-------------------------------------------
     0 | D:1      | Decipherer the Minotaur Berserker began the quest for the
                  | Orb.
     0 | D:1      | Reached XP level 1. HP: 19/19 MP: 0/0
   443 | D:1      | Reached XP level 2. HP: 27/27 MP: 1/1
  1361 | D:2      | Reached XP level 3. HP: 31/34 MP: 2/2
  1456 | D:2      | Found Yming's Book Emporium.
  1722 | D:2      | Reached ** piety under Trog
  2026 | D:3      | Noticed an ice beast
  2033 | D:3      | HP: 2/51 [ice beast (13)]
  2034 | D:3      | Slain by an ice beast

Illustrated notes

Levels and vault maps discovered:
D:1:      shiori_arrival_oz, layout_loops_corners, serial_rivers,
          chequers_serial_rivers_micro_b, chequers_serial_rivers_small_b,
          chequers_serial_rivers_small_3, chequers_serial_rivers_room_a,
          chequers_serial_rivers_room_b, minmay_misc_feat_square
D:2:      layout_loops_ring, serial_shops, nicolae_lakefront_shop,
          nicolae_elevator_lobby_plus
D:3:      layout_loops_ring

Skill      XL: |  1  2 |
---------------+-------+-----
Fighting       | 4 |  4.4
Maces & Flails | 4 |  4.3
Armour         | |  2.8
Dodging        | |  2.5
Stealth        | |  0.3

Action                   || total
-------------------------++-------
Melee: Mace              ||    65
       Headbutt          ||     9
       Punch             ||     1
Invok: Berserk           ||     1
 Stab: Sleeping          ||     1
Armor: Animal skin       ||    13
Dodge: Dodged            ||    43

Table legend: (Time is in decaauts)
 A = Elapsed time spent in this place.
 B = Non-inter-level travel time spent in this place.
 C = Inter-level travel time spent in this place.
 D = Time resting spent in this place.
 E = Time spent auto-exploring this place.
 F = Levels seen in this place.
 G = Mean time per level.
                   A        B        C        D        E       F      G
               +--------+--------+--------+--------+--------+-----+--------+
         Total |   2057 |   1902 |    155 |      0 |   1678 |   3 |  685.7 |
       Dungeon |   2057 |   1902 |    155 |      0 |   1678 |   3 |  685.7 |
               +--------+--------+--------+--------+--------+-----+--------+

Top non-repeatable levels by time:
     D:1: 1177 daAuts
     D:2: 794 daAuts
     D:3: 85 daAuts
